AoeStats
← getdegekke

Arena

514633243Analyzed
1v1 RM · 1d ago on Oct 18, 2026· 76m 5s· 2 players
Game mode
Random Map
Map size
Tiny (2 player)
Population
200
Speed
Normal
Resources
Standard
Victory
Conquest
Starting age
Dark Age
Ending age
Imperial Age
RankedLock teamsTeams togetherTeam positionsShared explorationLock speedFull tech treeHidden civsTurbo modeCheats
Victory
Defeat
🇮🇳 Portuguese · India
839
+15
vs
🇳🇱 Byzantines · Netherlands
817
-23
getdegekke
9:08 Loom
11:47 Feudal Age
12:29 Horse Collar
13:37 Wheelbarrow
13:21 Double-Bit Axe
18:49 Castle Age
20:04 Fletching
21:33 Crossbowman
25:55 Gold Mining
27:47 Hand Cart
29:20 Heavy Plow
30:30 Ballistics
30:06 Murder Holes
29:52 Treadmill Crane
31:01 Bow Saw
32:09 Thumb Ring
32:04 Bodkin Arrow
32:16 Scale Barding Armor
32:12 Padded Archer Armor
35:54 Imperial Age
34:23 Gold Shaft Mining
33:46 Treadmill Crane
34:23 Fortified Wall
37:22 Crop Rotation
36:46 Stone Mining
36:23 Arbalester
37:07 Bracer
37:23 Leather Archer Armor
38:41 Chemistry
38:02 Forging
38:39 Conscription
39:32 Pikeman
40:13 Squires
40:39 Chain Barding Armor
41:09 Hoardings
41:59 Plate Barding Armor
41:54 Ring Archer Armor
42:23 Halberdier
43:09 Scale Mail Armor
47:39 Elite Cataphract
49:35 Two-Man Saw
53:45 Chain Mail Armor
54:06 Iron Casting
53:40 Light Cavalry
54:20 Husbandry
54:51 Hussar
60:37 Logistica
66:54 Plate Mail Armor
Nothing
11:55 Feudal Age
11:29 Loom
16:04 Castle Age
16:49 Gold Mining
16:45 Double-Bit Axe
25:53 Imperial Age
29:51 Bow Saw
31:51 Chemistry
32:30 Forging
32:25 Scale Barding Armor
33:59 Two-Man Saw
33:19 Cavalier
33:20 Light Cavalry
34:12 Bloodlines
34:03 Husbandry
34:40 Iron Casting
34:26 Chain Barding Armor
35:57 Onager
38:15 Blast Furnace
37:50 Plate Barding Armor
40:09 Bombard Tower
41:10 Town Watch
45:48 Siege Engineers
45:25 Treadmill Crane
45:57 Fortified Wall
46:11 Ballistics
46:02 Fortified Wall
45:47 Murder Holes
46:04 Masonry
46:42 Plate Barding Armor
46:07 Scale Mail Armor
46:07 Padded Archer Armor
45:58 Fletching
48:50 Conscription
49:10 Chain Mail Armor
48:50 Bodkin Arrow
49:10 Leather Archer Armor
52:41 Town Patrol
53:16 Wheelbarrow
52:34 Pikeman
53:17 Bracer
53:47 Ring Archer Armor
53:47 Plate Mail Armor
54:20 Architecture
53:32 Treadmill Crane
53:18 Halberdier
54:38 Hand Cart
61:40 Caravan
62:11 Coinage
61:52 Guilds
61:06 Capped Ram
61:08 Man-at-Arms
61:34 Arson
61:35 Gambesons
62:03 Guard Tower
62:18 Siphons
62:24 Clinker Construction
62:05 Heated Shot
62:26 Careening
Connection lost

Rejoining the realm…

Still unreachable

The connection could not be restored.

Session expired

The server has moved on; the page needs a fresh start.